 Dungeon Sprint DCSS version 0.27.1-33-g824d729ab1 (webtiles) character file.

Game seed: 3427919308526026050

1820 Hipnos the Fencer (level 8, -1/72 HPs)
             Began as a Minotaur Monk on Nov 26, 2021.
             Was a Believer of Hepliaklqana.
             Succumbed to Sonja's poison
             ... in the Dungeon (Sprint I: "Red Sonja").
             The game lasted 00:06:35 (964 turns).

Hipnos the Fencer (Minotaur Monk)                    Turns: 964, Time: 00:06:35

Health: -1/72      AC:  8    Str: 18    XL:     8   Next: 85%
Magic:  7/7        EV: 11    Int:  7    God:    Hepliaklqana [**....]
Gold:   114        SH:  0    Dex: 13    Spells: 7/7 levels left

rFire    . . .     SeeInvis .   k - +2 long sword (holy)
rCold    . . .     Faith    .   (no shield)
rNeg     . . .     Spirit   .   i - +0 scale mail
rPois    .         Reflect  .   (helmet restricted)
rElec    .         Harm     .   (no cloak)
rCorr    .         Rampage  .   (no gloves)
Will     .....     NoTele   +   (no boots)
Stlth    ..........             (no amulet)
HPRegen  0.22/turn              (no ring)
MPRegen  0.10/turn              (no ring)

@: lethally poisoned (-1 -> -37)
A: reduced essence, horns 2, retaliatory headbutt, frail 1
a: Renounce Religion, Recall Ancestor, Ancestor Identity


You were in the Dungeon.
You worshipped Hepliaklqana.
Hepliaklqana was pleased with you.
You visited 1 branch You collected 351 gold pieces.
You spent 237 gold pieces at shops.

Inventory:

Hand Weapons
 a - a +0 falchion
 k - a +2 long sword of holy wrath (weapon)
Armour
 b - a +0 robe
 i - a +0 scale mail (worn)
Wands
 d - a wand of digging (6)
Scrolls
 e - a scroll of silence {unknown}
 h - a scroll of blinking
 j - a scroll of fog {unknown}
Potions
 f - 2 potions of magic


   Skills:
 + Level 14.4 Fighting
 + Level 15.8 Long Blades
 + Level 8.0 Armour
 - Level 4.9 Dodging
 - Level 1.5 Stealth


You had 7 spell levels left.
You didn't know any spells.
Your spell library was empty.

Dungeon Overview and Level Annotations

Branches:
Dungeon (1/1)

Altars:
Cheibriados
Dithmenos
Elyvilon
Fedhas
Gozag
Hepliaklqana
Kikubaaqudgha
Makhleb
Nemelex Xobeh
Okawaru
Qazlal
Ru
Sif Muna
Trog
Uskayaw
Vehumet
Wu Jian
Xom
Yredelemnul
Zin
The Shining One
Jiyva
Lugonu

Shops:
D (


Innate Abilities, Weirdness & Mutations

Your life essence is reduced to manifest your ancestor. (-10% HP)
You have a pair of horns on your head.
You reflexively headbutt those who attack you in melee.
You are frail. (-10% HP)


Message History

Sonja is lightly wounded.
You feel very sick.
Sonja hits you with a +0 short sword of venom.
You are more poisoned.
Sonja hits you with a +0 short sword of venom.
You are more poisoned.
Sonja hits you with a +0 short sword of venom.
You are more poisoned.
The Forgotten gestures at Sonja while chanting.
The puff of frost hits Sonja!
You slash Sonja! You headbutt Sonja, but do no damage.
Sonja is severely wounded.
You feel extremely sick.
Sonja mumbles some strange words.
Sonja looks slightly unstable.
You catch the helpless Sonja completely off-guard!
You slash Sonja! Your headbutt misses Sonja.
Sonja is almost dead.
You feel very sick.
Sonja hits you with a +0 short sword of venom!
Sonja hits you with a +0 short sword of venom.
You are more poisoned.
Sonja hits you with a +0 short sword of venom.
You are more poisoned.
The Forgotten closely misses Sonja.
Okay, then.
You slash Sonja!
You kill Sonja!
* * * LOW HITPOINT WARNING * * *
You feel extremely sick.
Your Fighting skill increases to level 14!
Your Armour skill gained 2 levels and is now at level 8!
Okay, then.
There is a lethal amount of poison in your body!
You swap places.
* * * LOW HITPOINT WARNING * * *
You feel extremely sick.
Things that are here:
a +0 short sword of venom; 5 curare-tipped darts; a wand of flame (17)
You die...

##########################
#<.#..)..#..'..#__#..'...#
#..').#..').#..)..'..#.K.#
#..#####+#####'#__####55.+
#..#### #...#(#### ####
#..#__####..##.#
#..#_____##'#_.+
#⌠⌠#_.∩...'@.._#
####_..__##_)#'#
#_____###R#.# #######
#.### +$.$+ #$.$# ##.##
#+#


You could see the friendly The Forgotten the battlemage.

Vanquished Creatures
  Sonja (D)
  2 kobold demonologists (D)
  A slime creature (D)
  Sigmund (D)
  A yak (D)
  A floating eye (D)
  An ogre (D)
  A jelly (D)
  Ijyb (D)
10 creatures vanquished.

Vanquished Creatures (others)
  A battlemage (D)
1 creature vanquished.

Grand Total: 11 creatures vanquished

Notes
Turn   | Place    | Note
-------+----------+-------------------------------------------
     0 | D        | Hipnos the Minotaur Monk began the quest for the Orb.
     0 | D        | Reached XP level 1. HP: 19/19 MP: 0/0
     1 | D        | Noticed Ijyb
    15 | D        | Killed Ijyb
    16 | D        | Reached skill level 5 in Fighting
    16 | D        | Reached skill level 5 in Long Blades
    16 | D        | Reached XP level 2. HP: 15/29 MP: 1/1
   271 | D        | Noticed an ogre
   279 | D        | Killed an ogre
   280 | D        | Reached skill level 8 in Long Blades
   280 | D        | Reached skill level 1 in Armour
   280 | D        | Reached XP level 3. HP: 40/40 MP: 2/2
   280 | D        | Reached XP level 4. HP: 48/48 MP: 3/3
   283 | D        | Noticed Sigmund
   292 | D        | Killed Sigmund
   293 | D        | Reached skill level 10 in Fighting
   293 | D        | Reached skill level 10 in Long Blades
   293 | D        | Reached XP level 5. HP: 58/58 MP: 4/4
   299 | D        | Found a shimmering blue altar of Sif Muna.
   300 | D        | Found an ornate altar of the Wu Jian Council.
   301 | D        | Found a radiant altar of Vehumet.
   308 | D        | Reached skill level 11 in Long Blades
   308 | D        | Reached XP level 6. HP: 55/67 MP: 5/5
   315 | D        | Found a burning altar of Makhleb.
   315 | D        | Found a viscous altar of Jiyva.
   315 | D        | Found a shimmering altar of Xom.
   315 | D        | Found a corrupted altar of Lugonu.
   315 | D        | Noticed a slime creature
   324 | D        | Killed a slime creature
   325 | D        | Reached skill level 12 in Long Blades
   500 | D        | Found Enlid's Weapon Emporium.
   500 | D        | Found an ancient bone altar of Kikubaaqudgha.
   500 | D        | Found a hazy altar of Hepliaklqana.
   500 | D        | Found a stormy altar of Qazlal.
   500 | D        | Found a hide-covered altar of Uskayaw.
   500 | D        | Found a blossoming altar of Fedhas.
   500 | D        | Found a bloodstained altar of Trog.
   500 | D        | Found an iron altar of Okawaru.
   500 | D        | Found a basalt altar of Yredelemnul.
   500 | D        | Found a glowing golden altar of the Shining One.
   500 | D        | Found a snail-covered altar of Cheibriados.
   500 | D        | Found a sacrificial altar of Ru.
   500 | D        | Found a glowing silver altar of Zin.
   500 | D        | Found a shadowy altar of Dithmenos.
   500 | D        | Found a white marble altar of Elyvilon.
   500 | D        | Noticed a yak
   509 | D        | Killed a yak
   510 | D        | Reached skill level 13 in Long Blades
   510 | D        | Reached XP level 7. HP: 73/77 MP: 6/6
   510 | D        | Found an opulent altar of Gozag.
   511 | D        | Found a sparkling altar of Nemelex Xobeh.
   525 | D        | Became a worshipper of Hepliaklqana the Forgotten
   525 | D        | Reached * piety under Hepliaklqana
   525 | D        | Reached ** piety under Hepliaklqana
   527 | D        | Remembered your ancestor The Forgotten as a battlemage
   580 | D        | Bought a +2 long sword of holy wrath for 237 gold pieces
   607 | D        | Noticed a kobold demonologist
   607 | D        | Noticed a kobold demonologist
   608 | D        | Noticed a neqoxec
   610 | D        | Gained mutation: You are frail. (-10% HP) [a neqoxec]
   611 | D        | Noticed an orange demon
   615 | D        | Noticed an ice devil
   623 | D        | Noticed a red devil
   637 | D        | Killed a kobold demonologist
   638 | D        | Reached skill level 14 in Long Blades
   638 | D        | Reached skill level 5 in Armour
   638 | D        | Reached XP level 8. HP: 8/68 MP: 7/7
   641 | D        | Killed a kobold demonologist
   642 | D        | Reached skill level 15 in Long Blades
   955 | D        | Noticed Sonja
   962 | D        | Killed Sonja
   964 | D        | Succumbed to Sonja's poison

Illustrated notes

Levels and vault maps discovered:
D:        dungeon_sprint_1 [red_sonja_temple_1, red_sonja_temple_small_1]

Skill      XL: |  1  2  3  4  5  6  7  8 |
---------------+-------------------------+-----
Fighting       | 5 7 10 12 13 14 | 14.4
Long Blades    | 5 8 10 11 13 14 15 | 15.8
Dodging        | 4 |  4.9
Armour         | 1 2 3 4 5 8 |  8.0
Stealth        | |  1.5

Action                   |  1- 3 |  4- 6 |  7- 9 || total
-------------------------+-------+-------+-------++-------
Melee: Falchion          |    18 |    30 |       ||    48
       Headbutt          |     7 |     8 |     3 ||    18
       Long sword        |       |       |    19 ||    19
Invok: Ancestor Life: Ba |       |       |     1 ||     1
       Ancestor Identity |       |       |     1 ||     1
  Use: Potion            |     2 |       |     2 ||     4
 Stab: Distracted        |       |       |     1 ||     1
Armor: Robe              |     2 |       |       ||     2
       Scale mail        |       |     1 |     5 ||     6
Dodge: Dodged            |     7 |    11 |    10 ||    28
       Rpst.: Falchion   |     1 |     4 |       ||     5
       Long sword        |       |       |     2 ||     2
